 Dungeon Crawl Stone Soup version 0.32-a0-314-g526f7d4993 (webtiles) character file.

Game seed: 10155815608847647564

162 lunkers the Firebug (level 5, 0/38 HPs)
             Began as a Mountain Dwarf Fire Elementalist on Feb 15, 2024.
             Slain by Terence
             ... wielding a +0 mace
              (6 damage)
             ... on level 3 of the Dungeon.
             The game lasted 00:06:33 (2844 turns).

lunkers the Firebug (MDFE)                          Turns: 2844, Time: 00:06:33

Health: 0/38       AC:  6    Str: 11    XL:     5   Next: 19%
Magic:  2/7        EV: 10    Int: 17    God:
Gold:   193        SH:  0    Dex: 10    Spells: 4/7 levels left

rFire   . . .        e - +1 mace (holy)
rCold   . . .        (no shield)
rNeg    . . .        k - +0 ring mail
rPois   .            l - +0 helmet
rElec   .            (no cloak)
rCorr   .            (no gloves)
SInv    .            (no boots)
Will    .....        (no amulet)
Stlth   +            (no ring)
HPRegen 0.26/turn    (no ring)
MPRegen 0.10/turn

%: no passive effects
@: very slightly contaminated
A: runic magic, artefact enchanting
a: no special abilities


You were on level 3 of the Dungeon.
You visited 1 branch of the dungeon, and saw 3 of its levels.

You collected 193 gold pieces.

Inventory:

Hand Weapons
 e - a +1 mace of holy wrath (weapon)
 o - a +0 short sword of speed
Armour
 a - a +0 robe
 k - a +0 ring mail (worn)
 l - a +0 helmet (worn)
Jewellery
 p - an amulet of reflection
Scrolls
 d - a scroll of immolation {unknown}
 i - 2 scrolls of identify {unknown}
 j - a scroll of enchant armour {unknown}
 n - 2 scrolls of teleportation {unknown}
Potions
 c - 2 potions of heal wounds {unknown}
 f - a potion of enlightenment {unknown}
 g - 2 potions of haste {unknown}
 h - a potion of ambrosia {unknown}
 m - a potion of brilliance {unknown}


   Skills:
 - Level 1.3 Dodging
 - Level 1.4 Stealth
 - Level 1.7 Spellcasting
 - Level 0.8 Conjurations
 * Level 7.2 Fire Magic


You had 4 spell levels left.
You knew the following spells:

 Your Spells              Type           Power      Damage    Failure   Level
b - Scorch                Fire           52%        2d7       1%          2
p - Foxfire               Conj/Fire      60%        2x1d7     4%          1

Your spell library contained the following spells:

 Spells                   Type           Power      Damage    Failure   Level
 Inner Flame              Hex/Fire       13%        N/A       17%         3
 Volatile Blastmotes      Fire/Tloc      26%        2d12      17%         3
 Flame Wave               Conj/Fire      15%        2d7       43%         4


Dungeon Overview and Level Annotations

Branches:
Dungeon (3/15)

Altars:

Shops:
D:2 *:

Annotations:
D:3 Natasha, Terence


Innate Abilities, Weirdness & Mutations

Your spellcasting is much less encumbered by armour.
You can use scrolls of enchantment on lesser artefacts.


Message History

* * * LOW HITPOINT WARNING * * *
Terence barely misses you.
Casting: Foxfire (safe; 4% risk of failure)
Press: ? - help, Q - select action, (/) - cycle Dir - look around, f - activate You conjure some foxfire!
The foxfire hits Terence.
Terence is moderately wounded.
The foxfire hits Terence.
Terence is heavily wounded.
The cerulean imp misses you. Terence hits you with a +0 mace.
* * * LOW HITPOINT WARNING * * *
Your magical contamination has completely faded away.
Casting: Foxfire (safe; 4% risk of failure)
Press: ? - help, Q - select action, (/) - cycle Dir - look around, f - activate You miscast Foxfire.
You are very lightly contaminated with residual magic.
Nothing appears to happen.
The foxfire hits Terence.
Terence is severely wounded.
The foxfire hits Terence but does no damage.
Terence is severely wounded.
The cerulean imp hits you from afar with a +2 spear.
* * * LOW HITPOINT WARNING * * *
Terence hits you with a +0 mace.
* * * LOW HITPOINT WARNING * * *
Casting: Foxfire (safe; 4% risk of failure)
Press: ? - help, Q - select action, (/) - cycle Dir - look around, f - activate You conjure some foxfire!
The cerulean imp hits you from afar with a +2 spear.
* * * LOW HITPOINT WARNING * * *
Terence closely misses you.
Unknown command.
Casting: Foxfire (safe; 4% risk of failure)
Press: ? - help, Q - select action, (/) - cycle Dir - look around, f - activate You conjure some foxfire!
The foxfire hits Terence.
Terence is almost dead.
The cerulean imp completely misses you. Terence hits you with a +0 mace.
You die...
Terence says, "Time to find some more victims."

#.............####
#.###########..... #.# #.####
#####.##### ##'## #.........#
##...## #.###.###.# ##....[## ##
#.# #§....# ##......<#
##...######5###v§...###.........
...........h55@@§.....'.........
##....########vv......#.........
##?# #.##.###.##.......# #
#.##.# #.###.....## #.##.# #.#
##...## #.##.###.# ##'##
#........# #.####
####.#########.....
#.######........


You could see Terence (ally target), Natasha and 3 cerulean imps.

Vanquished Creatures
  Natasha (D:3)
  4 adders
  A ribbon worm (D:2)
  3 dart slugs
  3 bats (D:1)
  4 endoplasms
  2 giant cockroaches
  4 goblins
  9 hobgoblins
  4 jackals (D:2)
  A quokka (D:2)
  8 ball pythons
  2 frilled lizards
  3 kobolds
  5 rats
54 creatures vanquished.

Vanquished Creatures (others)
  70 foxfires
70 creatures vanquished.

Grand Total: 124 creatures vanquished

Notes
Turn   | Place    | Note
-------+----------+-------------------------------------------
     0 | D:1      | lunkers the Mountain Dwarf Fire Elementalist began the
                  | quest for the Orb.
     0 | D:1      | Reached XP level 1. HP: 14/14 MP: 3/3
    43 | D:1      | Reached skill level 4 in Fire Magic
   118 | D:1      | Reached XP level 2. HP: 15/20 MP: 0/4
   482 | D:1      | Learned a level 2 spell: Scorch
   495 | D:1      | Reached skill level 5 in Fire Magic
   557 | D:1      | Reached XP level 3. HP: 26/26 MP: 1/5
  1253 | D:2      | Found Ziwiy's Book Emporium.
  1305 | D:2      | Reached skill level 6 in Fire Magic
  1305 | D:2      | Reached XP level 4. HP: 8/33 MP: 0/6
  1921 | D:2      | Found Qitos's General Store.
  2498 | D:3      | Identified the +7 hand axe "Leviticus" {spect, rF+ rC+
                  | Will+ Dex+3}
  2582 | D:3      | Noticed Natasha
  2585 | D:3      | Killed Natasha
  2586 | D:3      | Reached skill level 7 in Fire Magic
  2586 | D:3      | Reached XP level 5. HP: 38/38 MP: 4/7
  2823 | D:3      | Noticed Terence
  2828 | D:3      | Noticed Natasha
  2844 | D:3      | Slain by Terence

Illustrated notes

Levels and vault maps discovered:
D:1:      amcnicky_arrival_abandoned_market, layout_loops_ring
D:2:      layout_loops_cross, serial_shops, nicolae_book_shop_shelving, shop
D:3:      layout_loops_corners, grunt_temple_overflow_open, serial_park_tiny_1,
          nicolae_figureground_pulse, uniq_natasha, uniq_terence

Skill      XL: |  1  2  3  4 |
---------------+-------------+-----
Fire Magic     | 4 5 6 7 |  7.2
Dodging        | |  1.3
Stealth        | |  1.4
Spellcasting   | |  1.7
Conjurations   | |  0.8

Action                     |  1- 3 |  4- 6 || total
---------------------------+-------+-------++-------
  Melee: Unarmed           |    17 |       ||    17
         Mace              |    23 |    20 ||    43
   Cast: Foxfire           |    51 |    31 ||    82
         Scorch            |     1 |    10 ||    11
    Use: Potion            |       |     1 ||     1
   Stab: Sleeping          |     1 |       ||     1
 Armour: Robe              |    15 |       ||    15
         Ring mail         |    37 |    29 ||    66
  Dodge: Dodged            |    61 |    17 ||    78

Table legend: (Time is in decaauts)
 A = Elapsed time spent in this place.
 B = Non-inter-level travel time spent in this place.
 C = Inter-level travel time spent in this place.
 D = Time resting spent in this place.
 E = Time spent auto-exploring this place.
 F = Levels seen in this place.
 G = Mean time per level.
                   A        B        C        D        E       F      G
               +--------+--------+--------+--------+--------+-----+--------+
         Total |   2860 |   2719 |    141 |      0 |   2288 |   3 |  953.3 |
       Dungeon |   2860 |   2719 |    141 |      0 |   2288 |   3 |  953.3 |
               +--------+--------+--------+--------+--------+-----+--------+

Top non-repeatable levels by time:
     D:1: 1232 daAuts
     D:2: 1059 daAuts
     D:3: 568 daAuts
